 Dungeon Crawl Stone Soup version 0.32-a0-666-ge8a88695a4 (webtiles) character file.

Game seed: 3086984443045560289

14 ezpacito the Trooper (level 2, -1/24 HPs)
             Began as a Coglin Chaos Knight on Mar 10, 2024.
             Was a Plaything of Xom.
             Slain by Natasha (7 damage)
             ... on level 2 of the Dungeon.
             The game lasted 00:00:44 (611 turns).

ezpacito the Trooper (Coglin Chaos Knight)           Turns: 611, Time: 00:00:45

Health: -1/24      AC:  7    Str: 12    XL:     2   Next: 45%
Magic:  2/2        EV: 11    Int: 11    God:    Xom [..*...]
Gold:   113        SH:  0    Dex: 13    Spells: 1/1 levels left

rFire   . . .        a - +0 hand axe (chaos) {Kiyoto}
rCold   . . .        d - +0 dagger {Senakhtenre}
rNeg    . . .        b - +2 leather armour
rPois   .            (no helmet)
rElec   .            (no cloak)
rCorr   .            (no gloves)
SInv    .            (no boots)
Will    .....        (amulet unavailable)
Stlth   +            (ring unavailable)
HPRegen 0.24/turn    (ring unavailable)
MPRegen 0.08/turn    (no gizmo)

%: no passive effects
@: revving
A: off-hand wielding, slow wielding, warmup strikes, no jewellery, iridescent
scales 1
a: Invent Gizmo, Renounce Religion


You were on level 2 of the Dungeon.
You worshipped Xom.
You were a toy of Xom.
You visited 1 branch of the dungeon, and saw 2 of its levels.

You collected 113 gold pieces.

Inventory:

Hand Weapons
 a - a +0 hand axe of chaos (weapon) {Kiyoto}
 d - a +0 dagger (offhand) {Senakhtenre}
Missiles
 f - 8 poisoned darts (quivered)
Armour
 b - a +2 leather armour (worn)
 h - a +0 chain mail
Scrolls
 e - a scroll of revelation {unknown}
 i - 2 scrolls of blinking {unknown}
 j - 2 scrolls of identify {unknown}
 k - a scroll of teleportation {unknown}
 l - a scroll of vulnerability {unknown}
Potions
 g - a potion of mutation


   Skills:
 * Level 3.1 Fighting
 * Level 3.1 Axes
 + Level 0.2(1.7) Polearms
 * Level 2.0 Armour
 * Level 1.1 Dodging
 + Level 0.5 Stealth
 + Level 0.1 Spellcasting


You had one spell level left.
You didn't know any spells.
Your spell library contained the following spells:

 Spells                   Type           Power      Damage    Failure   Level
 Freeze                   Ice            0%         1d3       41%         1
 Summon Lightning Spire   Summ/Air       0%         N/A       99%         4
 Plasma Beam              Fire/Air       0%         2x1d10    100%        6


Dungeon Overview and Level Annotations

Branches:
Dungeon (2/15)

Altars:

Annotations:
D:2 Natasha, Sigmund


Innate Abilities, Weirdness & Mutations

You can wield a second weapon in your off-hand.
It takes a long time for you to wield or remove held weapons.
Your first few attacks do less damage.
You cannot equip rings or amulets.
You are partially covered in iridescent scales. (AC +2)


Message History

Natasha shimmers violently.
Natasha casts a spell at you. The magic dart hits you!
Sigmund casts a spell.
Sigmund flickers and vanishes!
Deactivating autopickup; reactivate with Ctrl-A.
You take 7 damage, and have 9/24 hp.
MASSIVE DAMAGE!!
It was a potion of mutation.
You feel extremely strange.
You feel stronger.
You feel weaker.
Iridescent scales grow over part of your body.
Natasha howls an incantation.
Natasha's front paws start to glow.
Natasha claws you.
* * * LOW HITPOINT WARNING * * *
Something completely misses you.
You take 2 damage, and have 7/24 hp.
As you read the scroll of butterflies, it crumbles to dust.
You hear the flapping of tiny wings.
Natasha is knocked back by the sudden gust.
You swap places.
Natasha closely misses your butterfly.
You swap places.
Natasha mumbles some strange words.
You swap places.
Natasha claws your butterfly!
Your butterfly dies!
Your butterfly disappears in a burst of colours!
You swap places.
Natasha is no longer covered in acid.
Your butterfly disappears in a burst of colours! "See what I see, my child!"
You feel aware of your surroundings.
Natasha casts a spell.
Something hits you.
* * * LOW HITPOINT WARNING * * *
You take 6 damage, and have 5/24 hp.
MASSIVE DAMAGE!!
You hit Natasha with your +0 hand axe of chaos.
Natasha is moderately wounded.
You hit Natasha with your +0 dagger. Natasha claws you!
You die...
Natasha begins licking her fur clean.
Xom bursts into laughter!

*,, ,#.#* #b# ** ,* *
#b# ,*,* * ,, ,, *###.#
* , * ,,# *#.#.##### *
, * , ,* #. #...b...#
*, , ###
*,#.#b##b#.###5# * *, ,
,.. * #.#....#.###5# ,*
, ,* # ,*
#.#.#b.#..bh.####
,,..### *
,#......b.b@.....# ,
..... ,
#,#...#..#bbb.#####,*
#####
.#.#......+.bb....... ,
* ##
........###....#####.,,
* #.
##........bb.b######.#,
,##
###...†..............,,
#........#.####...*, ,
, * #..#+###.#.###..# ,
...........#.#...#* *
,,,,


You could see Natasha (ally target) and 2 cerulean imps.

Vanquished Creatures
  4 bats
  A giant cockroach (D:2)
  A goblin (D:1)
  A hobgoblin (D:1)
  2 kobolds (D:1)
  A quokka (D:2)
  2 frilled lizards (D:2)
12 creatures vanquished.

Notes
Turn   | Place    | Note
-------+----------+-------------------------------------------
     0 | D:1      | ezpacito the Coglin Chaos Knight began the quest for the
                  | Orb.
     0 | D:1      | Reached XP level 1. HP: 18/18 MP: 1/1
    24 | D:1      | XOM: silly message
    50 | D:1      | Reached skill level 1 in Dodging
    52 | D:1      | Got the Anthology of the Blustery Snowflakes
   153 | D:1      | Reached XP level 2. HP: 24/24 MP: 2/2
   204 | D:1      | XOM: torment (13/24 hp)
   358 | D:1      | XOM: scenery: summon butterflies
   580 | D:2      | Noticed Sigmund
   580 | D:2      | Noticed Natasha
   588 | D:2      | XOM: silly message
   593 | D:2      | Gained mutation: Your muscles are strong. (Str +4, Int/Dex
                  | -1) [potion of mutation]
   593 | D:2      | Lost mutation: Your muscles are strong. (Str +4, Int/Dex
                  | -1) [potion of mutation]
   593 | D:2      | Gained mutation: You are partially covered in iridescent
                  | scales. (AC +2) [potion of mutation]
   610 | D:2      | XOM: divination: magic mapping
   611 | D:2      | Slain by Natasha

Illustrated notes

Levels and vault maps discovered:
D:1:      kennysheep_arrival_forest, layout_rooms
D:2:      layout_basic, basic_altar, uniq_sigmund, uniq_natasha

Skill      XL: |  1  2 |
---------------+-------+-----
Dodging        | 1 |  1.1
Armour         | 2 |  2.0
Fighting       | |  3.1
Axes           | |  3.1
Polearms       | |  0.2
Stealth        | |  0.5
Spellcasting   | |  0.1

Action                     || total
---------------------------++-------
  Melee: Dagger            ||    28
         Hand axe          ||    30
    Use: Scroll            ||     1
         Potion            ||     1
 Armour: Leather armour    ||    21
  Dodge: Dodged            ||    21

Table legend: (Time is in decaauts)
 A = Elapsed time spent in this place.
 B = Non-inter-level travel time spent in this place.
 C = Inter-level travel time spent in this place.
 D = Time resting spent in this place.
 E = Time spent auto-exploring this place.
 F = Levels seen in this place.
 G = Mean time per level.
                   A        B        C        D        E       F      G
               +--------+--------+--------+--------+--------+-----+--------+
         Total |    613 |    581 |     32 |      0 |    471 |   2 |  306.5 |
       Dungeon |    613 |    581 |     32 |      0 |    471 |   2 |  306.5 |
               +--------+--------+--------+--------+--------+-----+--------+

Top non-repeatable levels by time:
     D:1: 426 daAuts
     D:2: 187 daAuts
